Map: Eternal Empire LE

Players

Vanya

  • Race: Zerg Zerg
  • League: Grandmaster
  • Spawn Location: 1:00

LiquidMaNa (MaNa) - Winner!

  • Race: Protoss Protoss
  • League: Grandmaster
  • Spawn Location: 7:00

Event: DreamHack SC2 Masters 2020 Summer Europe

VOD

Have the link to the VOD?

Description

Time

  • Played on: July 1, 2020, 11:23 a.m.
  • Length: 10:38

All games in this series

Show
View Real Time Build Order
Export as new Build Order

Vanya Zerg 

Build Orders: Hatch First 

Get SALT Encoding   

  12  0:00  Drone  
  13  0:12  Overlord  
  13  0:16  Drone  
  14  0:31  Drone x2  
  16  0:45  Drone  
  17  0:52  Hatchery  
  17  0:55  Drone  
  17  0:58  Drone  
  18  1:09  Extractor  
  17  1:13  Spawning Pool  
  17  1:18  Drone  
  17  1:20  Drone  
  18  1:28  Drone  
  19  1:38  Drone  
  20  1:49  Overlord  
  20  2:00  Queen  
  22  2:03  Queen  
  22  2:04  Zergling x4  
  26  2:11  Drone  
  26  2:13  Metabolic Boost  
  27  2:16  Drone  
  28  2:23  Drone  
  29  2:34  Hatchery  
  28  2:39  Drone  
  28  2:40  Drone  
  30  2:46  Queen  
  32  2:51  Overlord  
  32  2:54  Drone  
  32  2:57  Drone  
  34  2:59  Drone  
  34  3:01  Drone  
  36  3:06  Overlord  
  36  3:13  Drone x2  
  36  3:15  Drone x2  
  36  3:19  Overlord  
  40  3:25  Queen  
  43  3:27  Drone  
  43  3:30  Drone  
  44  3:38  Drone  
  45  3:41  Drone  
  45  3:44  Drone  
  45  3:47  Drone x4  
  51  3:53  Drone  
  52  3:55  Roach Warren  
  52  3:56  Drone, Overlord  
  52  3:57  Drone  
  52  3:59  Drone  
  52  4:00  Extractor  
  53  4:12  Zergling x2  
  53  4:13  Zergling x6  
  53  4:16  Spore Crawler  
  56  4:18  Spore Crawler  
  56  4:23  Overlord  
  56  4:24  Overlord  
  55  4:25  Zergling x2  
  56  4:33  Overlord  
  56  4:36  Roach  
  57  4:38  Overlord  
  57  4:41  Roach x4  
  57  4:42  Overlord  
  71  4:45  Roach x3  
  71  4:52  Roach x3  
  77  4:55  Spore Crawler  
  77  4:57  Roach  
  78  5:01  Roach x2  
  82  5:07  Roach x3  
  82  5:13  Zergling x6  
  85  5:17  Zergling x6  
  82  5:24  Zergling x10  
  82  5:29  Drone x2  
  82  5:34  Spore Crawler  
  81  5:37  Drone  
  81  5:44  Spore Crawler  
  81  5:46  Drone  
  81  5:52  Drone x3  
  84  5:57  Spore Crawler  
  83  6:06  Drone x6  
  86  6:12  Overlord  
  86  6:17  Drone x3  
  85  6:21  Spore Crawler  
  85  6:22  Drone  
  85  6:24  Drone  
  86  6:27  Drone x2  
  85  6:35  Overlord  
  85  6:39  Lair  
  85  6:42  Drone  
  85  6:43  Extractor  
  85  6:49  Drone x4, Extractor  
  85  6:53  Queen  
  90  7:04  Drone  
  90  7:07  Overlord  
  89  7:22  Overlord  
  88  7:33  Overlord  
  88  7:34  Zergling x14  
  88  7:35  Roach Warren  
  88  7:36  Overseer  
  94  7:39  Spire  
  93  7:48  Drone  
  93  7:50  Hatchery, Overlord  
  93  7:58  Queen  
  91  8:16  Roach x8  
  91  8:19  Glial Reconstitution  
  113  8:34  Roach x4  
  113  8:35  Ravager x3  
  113  8:37  Ravager  
  117  8:44  Overlord  
  117  8:47  Overlord  
  117  8:52  Roach x3  
  122  8:57  Roach  
  123  9:05  Mutalisk x2  
  123  9:07  Mutalisk  
  127  9:12  Mutalisk x2  
  127  9:15  Overlord  
  130  9:18  Roach x2  
  134  9:30  Roach x3  
  136  9:40  Roach x2  
  131  9:46  Roach x2  
  135  9:53  Hatchery  
  135  9:59  Mutalisk x2  
  128  10:09  Overlord, Zergling x4  
Show
View Real Time Build Order
Export as new Build Order

LiquidMaNa Protoss - Winner!

Build Orders: 1 Gate Expand, Archon Immortal, Mass Adepts 

Get SALT Encoding   

  12  0:00  Probe  
  13  0:12  Probe  
  14  0:20  Pylon  
  14  0:25  Probe  
  15  0:38  Probe  
  16  0:44  Gateway  
  16  0:47  Probe  
  16  0:52  Assimilator  
  16  0:55  Probe  
  18  1:04  Probe  
  19  1:16  Probe  
  20  1:29  Nexus  
  20  1:37  Cybernetics Core  
  20  1:40  Probe  
  20  1:45  Assimilator  
  21  1:52  Probe  
  22  1:59  Pylon  
  22  2:04  Probe  
  22  2:07  Adept  
  23  2:15  Warp Gate  
  23  2:17  Probe  
  26  2:28  Stalker  
  26  2:29  Probe  
  27  2:34  Twilight Council  
  27  2:37  Probe  
  27  2:41  Probe  
  31  2:48  Probe  
  31  2:50  Robotics Facility  
  31  2:55  Probe  
  33  3:00  Probe  
  34  3:06  Resonating Glaives  
  34  3:07  Probe  
  34  3:12  Probe  
  36  3:19  Gateway, Probe  
  37  3:22  Adept  
  37  3:24  Probe  
  40  3:34  Warp Prism  
  40  3:35  Gateway x2  
  42  3:48  Assimilator  
  42  3:50  Pylon  
  42  3:53  Probe  
  42  3:54  Probe  
  44  4:03  Dark Shrine  
  44  4:04  Adept  
  44  4:06  Pylon  
  44  4:08  Probe  
  47  4:14  Adept  
  47  4:16  Probe  
  50  4:20  Probe  
  51  4:34  Adept x4  
  51  4:36  Probe x2  
  61  4:38  Pylon  
  61  4:42  Pylon  
  61  4:44  Observer  
  62  4:47  Assimilator  
  62  4:57  Adept x3  
  62  4:59  Adept  
  70  5:01  Probe  
  70  5:02  Probe  
  72  5:18  Dark Templar  
  72  5:19  Dark Templar  
  72  5:20  Probe  
  63  5:32  Probe  
  63  5:33  Probe  
  59  5:39  Dark Templar  
  55  5:44  Probe  
  55  5:48  Probe  
  57  5:56  Dark Templar x2, Probe  
  62  6:10  Probe  
  62  6:15  Probe  
  62  6:18  Gateway  
  61  6:22  Gateway, Dark Templar x2, Probe  
  66  6:26  Nexus  
  66  6:27  Probe  
  66  6:29  Pylon  
  66  6:30  Immortal  
  67  6:34  Probe  
  67  6:39  Probe  
  73  6:47  Probe  
  74  6:51  Sentry x2, Probe  
  79  6:58  Shield Battery  
  79  6:59  Dark Templar, Probe  
  79  7:00  Shield Battery  
  82  7:03  Probe  
  83  7:10  Dark Templar  
  83  7:11  Probe  
  86  7:22  Pylon  
  86  7:25  Pylon  
  86  7:27  Pylon  
  86  7:32  Blink  
  86  7:33  Archon x2  
  86  7:38  Immortal, Archon, Probe x2  
  92  7:45  Stalker  
  92  7:46  Stalker  
  92  7:49  Assimilator, Probe  
  92  7:50  Assimilator, Probe x2  
  99  7:59  Zealot x4  
  99  8:03  Probe x2  
  109  8:17  Immortal  
  113  8:24  Zealot  
  113  8:37  Stalker x4  
  113  8:39  Stalker  
  123  8:43  Pylon  
  123  8:45  Pylon x2  
  123  8:46  Pylon  
  123  8:48  Dark Templar  
  123  8:56  Dark Templar  
  123  9:01  Probe x2  
  127  9:09  Stalker, Zealot x3  
  132  9:11  Immortal  
  132  9:16  Pylon  
  136  9:21  Zealot  
  136  9:32  Stalker x4  
  128  9:50  Immortal  
  120  9:58  Stalker  
  120  9:59  Stalker x5  
  128  10:04  Probe x2  
Tags
 
Add a new tag
Caveats
  • Supply blocks, unpowered buildings, or Contaminate may cause inaccurate times.
  • Supply counts are checked every 10 seconds.